 Dungeon Crawl Stone Soup version 0.27-a0-887-gcab673c142 (webtiles) character file.

Game seed: 4600201253266557729

12 Alarkh the Insei (level 2, 8/22 HPs)
             Began as a Demonspawn Gladiator on Apr 4, 2021.
             Got out of the dungeon alive.
             The game lasted 00:00:18 (277 turns).

Alarkh the Insei (Demonspawn Gladiator)              Turns: 277, Time: 00:00:18

Health: 8/22       AC:  4    Str: 14    XL:     2   Next: 20%
Magic:  2/2        EV: 12    Int:  9    God:
Gold:   0          SH:  0    Dex: 14    Spells: 1/1 levels left

rFire    . . .     SeeInvis .     - Unarmed
rCold    . . .     Faith    .   (no shield)
rNeg     . . .     Spirit   .   a - +0 leather armour
rPois    .         Reflect  .   b - +0 helmet
rElec    .         Harm     .   (no cloak)
rCorr    .         Rampage  .   (no gloves)
Will     .....                  (no boots)
Stlth    +.........             (no amulet)
HPRegen  0.07/turn              (no ring)
MPRegen  0.08/turn              (no ring)

@: no status effects
A: hooves 1
a: no special abilities


You escaped.
You visited 1 branch of the dungeon, and saw 1 of its levels.

Inventory:

Missiles
 c - 3 throwing nets (quivered)
Armour
 a - a +0 leather armour (worn)
 b - a +0 helmet (worn)


   Skills:
 + Level 2.3 Fighting
 - Level 1.7 Throwing
 - Level 2.6 Dodging
 * Level 3.1 Unarmed Combat


You had one spell level left.
You didn't know any spells.
Your spell library was empty.

Dungeon Overview and Level Annotations

Branches:
Dungeon (1/15)

Altars:


Innate Abilities, Weirdness & Mutations

You have large cloven feet.


Message History

The jackal is lightly wounded.
The jackal bites you.
* * * LOW HITPOINT WARNING * * *
You closely miss the jackal. Your kick misses the jackal.
The jackal is lightly wounded.
The jackal bites you but does no damage.
The jackal misses you.
Things that are here:
a frilled lizard corpse; a jackal corpse
Things that are here:
a frilled lizard corpse; a jackal corpse Your leather armour prevents you from hitting the jackal.
Your kick misses the jackal.
The jackal is lightly wounded.
The jackal completely misses you. The jackal closely misses you.
The jackal bites you but does no damage.
You closely miss the jackal. Your kick misses the jackal.
The jackal is lightly wounded.
The jackal closely misses you.
You miss the jackal. You kick the jackal.
The jackal is severely wounded.
The jackal bites you.
* * * LOW HITPOINT WARNING * * *
You hit the jackal.
You kill the jackal!
The jackal closely misses you.
You hit the jackal.
The jackal is heavily wounded.
The jackal closely misses you.
You hit the jackal.
You kill the jackal!
Things that are here:
a jackal corpse; a frilled lizard corpse; a jackal corpse
Found a mace.
Found an orange potion.
You see here a bat skeleton.
There is an open door here.
There is a staircase leading out of the dungeon here.
Are you sure you want to leave the Dungeon?
This will make you lose the game!
You have escaped!

#..#..P.P.P.#..#
#..#...P.P..#..#
#..#8......8#..#
#..#.P.P.P..#..#
♣#..#....P...#..#
♣.......P.P..#..#
♣........8...####
♣......#######..##
♣♣..........#...@#
♣.......÷..'....#
♣♣....#######..##
♣..........####
♣..........♣
♣.........♣♣
###........♣♣
..#........♣
#.#.......♣♣


There were no monsters in sight!

Vanquished Creatures
  A giant cockroach (D:1)
  2 goblins (D:1)
  A hobgoblin (D:1)
  3 jackals (D:1)
  A quokka (D:1)
  A bat (D:1)
  A frilled lizard (D:1)
10 creatures vanquished.

Notes
Turn   | Place    | Note
-------+----------+-------------------------------------------
     0 | D:1      | Alarkh the Demonspawn Gladiator began the quest for the
                  | Orb.
     0 | D:1      | Reached XP level 1. HP: 16/16 MP: 1/1
   210 | D:1      | Reached skill level 3 in Unarmed Combat
   219 | D:1      | Gained mutation: You have large cloven feet. [demonic
                  | ancestry]
   219 | D:1      | Reached XP level 2. HP: 6/22 MP: 2/2
   277 | D:$      | Got out of the dungeon alive.

Illustrated notes

Levels and vault maps discovered:
D:1:      sevenhm_arrival_forest_fort_large_4, layout_basic,
          ebering_ecumenical_altar_webs

Skill      XL: |  1 |
---------------+----+-----
Unarmed Combat | 3 |  3.1
Fighting       | |  2.3
Throwing       | |  1.7
Dodging        | |  2.6

Action                   || total
-------------------------++-------
Melee: Unarmed           ||    36
       Kick              ||     1
Armor: Leather armour    ||    10
Dodge: Dodged            ||    18

Table legend: (Time is in decaauts)
 A = Elapsed time spent in this place.
 B = Non-inter-level travel time spent in this place.
 C = Inter-level travel time spent in this place.
 D = Time resting spent in this place.
 E = Time spent auto-exploring this place.
 F = Levels seen in this place.
 G = Mean time per level.
                   A        B        C        D        E       F      G
               +--------+--------+--------+--------+--------+-----+--------+
         Total |    275 |    236 |     39 |      0 |    174 |   1 |  275.0 |
       Dungeon |    275 |    236 |     39 |      0 |    174 |   1 |  275.0 |
               +--------+--------+--------+--------+--------+-----+--------+

Top non-repeatable levels by time:
     D:1: 275 daAuts
